 Dungeon Crawl Stone Soup version 0.27-a0-972-gd1521fd (webtiles) character file.

Game seed: 17307814774762111645

25104 Nithhogg the Fiendish (level 12, -17/98 HPs)
             Began as a Demonspawn Fighter on Apr 13, 2021.
             Was a Priest of Makhleb.
             Demolished by an enormous slime creature (54 damage)
             ... on level 13 of the Dungeon.
             The game lasted 00:26:15 (11743 turns).

Nithhogg the Fiendish (Demonspawn Fighter)         Turns: 11743, Time: 00:26:16

Health: -17/98     AC: 26    Str: 22    XL:     12   Next: 86%
Magic:  21/21      EV:  9    Int: 18    God:    Makhleb [***...]
Gold:   1930       SH:  8    Dex:  8    Spells: 11/11 levels left

rFire    . . .     SeeInvis +   k - +4 broad axe (freeze)
rCold    . . .     Faith    .   c - +0 kite shield
rNeg     + . .     Spirit   .   M - +0 plate armour
rPois    +         Reflect  .   f - +1 helmet
rElec    .         Harm     .   l - +2 cloak
rCorr    .         Rampage  .   s - +2 pair of gloves
Will     .....                  Q - +1 pair of boots of an ice cave {rN+ Int+8 Dex-4}
Stlth    ..........             i - amulet of regeneration
HPRegen  1.26/turn              n - ring of poison resistance
MPRegen  0.17/turn              K - ring of see invisible

@: no status effects
A: claws 2, repulsion field 2, demonic guardian 2, spiny 1, augmentation 1
a: Renounce Religion, Minor Destruction, Lesser Servant of Makhleb


You were on level 13 of the Dungeon.
You worshipped Makhleb.
Makhleb was most pleased with you.
You visited 2 branches of the dungeon, and saw 15 of its levels.
You also visited: Ossuary.

You collected 1930 gold pieces.

Inventory:

Hand Weapons
 k - a +4 broad axe of freezing (weapon)
 V - a +3 scimitar of flaming
Missiles
 H - 4 curare-tipped darts
Armour
 b - a +0 scale mail
 c - a +0 kite shield (worn)
 f - a +1 helmet (worn)
 h - a scarf of shadows
 l - a +2 cloak (worn)
 s - a +2 pair of gloves (worn)
 M - a +0 plate armour (worn)
 Q - the +1 pair of boots of an ice cave (worn) {rN+ Int+8 Dex-4}
   (You found it on level 11 of the Dungeon)

   It affects your intelligence (+8).
   It affects your dexterity (-4).
   It protects you from negative energy.
Jewellery
 d - a ring of ice
 i - an amulet of regeneration (around neck)
 n - a ring of poison resistance (left hand)
 C - a ring of resist corrosion
 K - a ring of see invisible (right hand)
 S - a ring of protection from cold
 U - a ring of flight
 W - a ring of willpower
Wands
 j - a wand of acid (1)
 t - a wand of digging (8)
 w - a wand of mindburst (10)
 B - a wand of polymorph (12)
 J - a wand of paralysis (8)
 N - a wand of iceblast (6)
 X - a wand of flame (21)
Scrolls
 a - a scroll of identify
 m - 3 scrolls of blinking
 q - 9 scrolls of teleportation
 r - 3 scrolls of amnesia
 v - 2 scrolls of immolation
 y - a scroll of summoning
 z - a scroll of magic mapping
 A - a scroll of enchant armour
 O - 2 scrolls of fog
 R - a scroll of noise
Potions
 e - 6 potions of lignification
 g - 5 potions of flight
 o - 2 potions of brilliance
 p - 2 potions of haste
 x - 2 potions of invisibility
 D - a potion of attraction {unknown}
 E - a potion of heal wounds {unknown}
 F - a potion of experience {unknown}
 G - 2 potions of might
 I - 2 potions of magic
 L - a potion of berserk rage {unknown}
 P - 2 potions of curing
Miscellaneous
 u - a lightning rod (inert) (quivered)


   Skills:
 + Level 10.3 Fighting
 + Level 9.3 Axes
 + Level 9.6 Armour
 + Level 9.1 Dodging
 - Level 2.6 Shields
 + Level 12.4 Invocations


You had 11 spell levels left.
You didn't know any spells.
Your spell library contained the following spells:

 Spells                   Type           Power      Damage    Failure   Level
 Animate Skeleton         Necr           0%         N/A       100%        1
 Apportation              Tloc           0%         N/A       100%        1
 Corona                   Hex            0%         N/A       100%        1
 Freeze                   Ice            0%         1d3       100%        1
 Pain                     Necr           0%         1d4       100%        1
 Summon Small Mammal      Summ           0%         N/A       100%        1
 Slow                     Hex            0%         N/A       100%        2
 Confusing Touch          Hex            0%         N/A       100%        3
 Frozen Ramparts          Ice            0%         1d2       100%        3
 Gell's Gravitas          Tloc           0%         N/A       100%        3
 Inner Flame              Hex/Fire       0%         N/A       100%        3
 Ozocubu's Armour         Ice            0%         N/A       100%        3
 Portal Projectile        Hex/Tloc       0%         N/A       100%        3
 Vampiric Draining        Necr           0%         2d6       100%        3
 Animate Armour           Summ/Erth      0%         N/A       100%        4
 Animate Dead             Necr           0%         N/A       100%        4
 Cause Fear               Hex            0%         N/A       100%        4
 Hailstorm                Conj/Ice       0%         3d3       100%        4
 Leda's Liquefaction      Hex/Erth       0%         N/A       100%        4
 Petrify                  Tmut/Erth      0%         N/A       100%        4
 Agony                    Necr           0%         N/A       100%        5
 Bolt of Magma            Conj/Fire/Erth 0%         4d4       100%        5
 Metabolic Englaciation   Hex/Ice        0%         N/A       100%        5
 Yara's Violent Unravell  Hex/Tmut       0%         3d3       100%        5
 Iron Shot                Conj/Erth      0%         9d1       100%        6
 Statue Form              Tmut/Erth      0%         N/A       100%        6
 Shatter                  Erth           0%         3d5*      100%        9


Dungeon Overview and Level Annotations

Branches:
Dungeon (14/15)            Temple (1/1) D:6            Lair (0/6) D:10
    Orc (0/2) D:12        Ossuary (visited)
 Vaults: D:13-14

Altars:
Ashenzari
Cheibriados
Dithmenos
Elyvilon
Fedhas
Gozag
Hepliaklqana
Kikubaaqudgha
Makhleb
Nemelex Xobeh
Okawaru
Qazlal
Ru
Sif Muna
Trog
Uskayaw
Vehumet
Wu Jian
Xom
Yredelemnul
Zin
The Shining One
Beogh

Annotations:
D:13 exclusions: obsidian statue and orange crystal statue


Innate Abilities, Weirdness & Mutations

You have very sharp fingernails.
You are surrounded by a moderate repulsion field. (EV +3)
A demonic guardian rushes to your aid.
You are partially covered in sharp spines.
Your magical and physical power is slightly enhanced at high health.


Message History

The slime creature is moderately wounded.
You block the slime creature's attack.
The slime creature is struck by your spines.
The slime creature hits you but does no damage.
You block the slime creature's attack.
Two slime creatures merge to form a large slime creature.
You slice the large slime creature!! You freeze the large slime creature.
The large slime creature is heavily wounded.
You slash the slime creature! You freeze the slime creature.
The slime creature is struck by your spines.
The slime creature hits you but does no damage.
Two slime creatures merge to form an enormous slime creature.
You slash the large slime creature! You freeze the large slime creature.
The large slime creature is heavily wounded.
You slash the enormous slime creature! You freeze the enormous slime creature.
The large slime creature barely misses you.
You block the large slime creature's attack.
You block the enormous slime creature's attack.
You slash the large slime creature! You freeze the large slime creature.
The large slime creature is severely wounded.
You completely miss the enormous slime creature.
The large slime creature is struck by your spines.
The large slime creature hits you!
You block the enormous slime creature's attack.
You slice the large slime creature!! You freeze the large slime creature.
The large slime creature is almost dead.
You slash the enormous slime creature! You freeze the enormous slime creature.
The large slime creature misses you.
The enormous slime creature is struck by your spines.
The enormous slime creature hits you!!!
You are too injured to fight recklessly!
You hit the large slime creature. You freeze the large slime creature.
The large slime creature is almost dead.
You slash the enormous slime creature! You freeze the enormous slime creature.
The large slime creature hits you.
A demonic guardian appears!
You block the enormous slime creature's attack.
The large slime creature barely misses you.
The enormous slime creature hits you!!!
Ouch! That really hurt!
You die...

#...# #..........?......
#.!.# #.................
#...# ##.............####
#.8.###..............#...
#....................#...
##...................#.(.
##..................#...
#.....#########....####
#.....@J......#........
#.....#J......#........
#.....#.3.....#......##
#.....#.......#......#.
#.....#.......#......#.
#.....#########......#.
#......... ..........#.
#.#####....#+######..#.
#.# #....# #..##


You could see an enormous slime creature (ally target), a large slime creature
and a friendly sun demon (summoned).

Vanquished Creatures
  A hydra (D:9)
  Erica (D:11)
  3 centaur warriors
  Pikel (D:6)
  An orb spider (shapeshifter) (D:13)
  A deep elf pyromancer (D:9)
  A manticore (D:13)
  3 cyclopes
  An ugly thing (D:12)
  A black mamba (shapeshifter) (D:9)
  Maurice (D:11)
  Maggie (D:6)
  An unseen horror (D:9)
  A tengu conjurer (D:14)
  The ghost of ihitudie the Chucker, an amateur TrHu of Yredelemnul (D:6)
  4 trolls
  9 slime creatures (D:12)
  Grinder (D:6)
  2 vampires (D:12)
  A wraith (D:9)
  A wyvern (D:11)
  A water elemental (D:14)
  A basilisk (shapeshifter) (D:10)
  9 yaks
  5 vampire mosquitoes
  An acid dragon (D:12)
  2 water moccasins
  3 ice beasts
  A sky beast (D:7)
  5 orc warriors
  3 black bears
  2 necrophages (D:4)
  The ghost of Dega the Skirmisher, an amateur DsFi (D:3)
  3 ogres
  3 centaurs
  2 phantoms
  3 kobold brigands
  A bullfrog (D:8)
  A scorpion (D:5)
  3 wyvern zombies
  A gnoll sergeant (D:9)
  4 water moccasin zombies (Ossuary)
  Dowan (D:7)
  A water moccasin skeleton (D:4)
  5 killer bees (D:9)
  15 wights
  6 howler monkeys
  6 electric eels
  12 bullfrog zombies
  9 centaur zombies
  2 hounds
  10 orc priests
  4 jellies
  3 centaur skeletons
  Jessica (D:3)
  2 iguanas
  A scorpion zombie (D:5)
  9 orc wizards
  3 killer bee zombies
  2 hound skeletons
  14 mummies (Ossuary)
  5 gnolls
  6 adders
  2 white imps
  2 ufetubi (D:9)
  2 adder skeletons (D:4)
  3 worms
  A dart slug (D:4)
  21 orcs
  4 endoplasms
  3 giant cockroaches
  7 goblins
  6 hobgoblins
  8 jackals
  3 quokkas
  12 ball pythons
  7 bats
  A frilled lizard (D:1)
  A goblin zombie (D:8)
  21 kobolds
  A quokka zombie (D:8)
  8 rats
322 creatures vanquished.

Vanquished Creatures (collateral kills)
  2 boulder beetles (D:12)
  A centaur warrior (D:9)
  A death knight (D:10)
  A tengu warrior (D:14)
  A manticore (D:12)
  2 cyclopes (D:9)
  A yaktaur (D:10)
  2 trolls
  A wraith (D:10)
  7 yaks
  An orc warrior (D:9)
  Blork the orc (D:6)
  A wyvern zombie (Ossuary)
  3 wights
  3 orc priests
  An orc wizard (D:4)
  A gnoll (D:9)
  A river rat (D:4)
  An adder (D:2)
  2 orcs (D:8)
  A ball python (D:1)
35 creatures vanquished.

Vanquished Creatures (others)
  Duvessa (D:7)
  An orc wizard (D:12)
  2 gnolls (D:9)
  A kobold (D:10)
  5 plants
  4 withered plants (Ossuary)
14 creatures vanquished.

Grand Total: 371 creatures vanquished

Notes
Turn   | Place    | Note
-------+----------+-------------------------------------------
     0 | D:1      | Nithhogg the Demonspawn Fighter began the quest for the
                  | Orb.
     0 | D:1      | Reached XP level 1. HP: 18/18 MP: 1/1
   182 | D:1      | Gained mutation: A weak demonic guardian rushes to your
                  | aid. [demonic ancestry]
   182 | D:1      | Reached XP level 2. HP: 19/24 MP: 2/2
   198 | D:1      | Reached skill level 1 in Invocations
   488 | D:1      | Identified a scroll of acquirement
   713 | D:2      | Gained mutation: You are surrounded by a mild repulsion
                  | field. (EV +2) [demonic ancestry]
   713 | D:2      | Reached XP level 3. HP: 28/29 MP: 2/4
   842 | D:2      | Reached skill level 1 in Dodging
  1357 | D:3      | Reached XP level 4. HP: 35/35 MP: 5/5
  1401 | D:3      | Reached skill level 2 in Invocations
  1477 | D:3      | Found a runed translucent gate.
  1478 | D:3      | Found a runed translucent gate.
  1478 | D:3      | Found a runed translucent gate.
  1479 | D:3      | Noticed Dega's ghost (amateur DsFi)
  1583 | D:3      | Noticed Jessica
  1597 | D:3      | Killed Jessica
  1731 | D:3      | Found a faded altar of an unknown god.
  1911 | D:3      | Gained mutation: You are surrounded by a moderate repulsion
                  | field. (EV +3) [demonic ancestry]
  1911 | D:3      | Reached XP level 5. HP: 39/42 MP: 6/6
  2051 | D:3      | Found a shimmering blue altar of Sif Muna.
  2263 | D:3      | Killed Dega's ghost
  2264 | D:3      | Reached skill level 3 in Invocations
  2271 | D:3      | Gained mutation: You have sharp fingernails. [demonic
                  | ancestry]
  2271 | D:3      | Reached XP level 6. HP: 48/48 MP: 8/8
  2336 | D:4      | You fall into a shaft and drop 1 floor!
  2336 | D:5      | Entered Level 5 of the Dungeon
  2337 | D:5      | Noticed an ice beast
  2368 | D:4      | Found a sacrificial altar of Ru.
  2555 | D:4      | Reached skill level 4 in Invocations
  2573 | D:4      | Identified the +1 hunting sling of Tuoruus {vorpal, rElec}
  2578 | D:4      | Gained mutation: You have very sharp fingernails. [demonic
                  | ancestry]
  2578 | D:4      | Reached XP level 7. HP: 55/55 MP: 10/10
  3288 | D:5      | Reached skill level 5 in Fighting
  3292 | D:5      | Reached skill level 5 in Invocations
  3477 | D:5      | Gained mutation: A demonic guardian rushes to your aid.
                  | [demonic ancestry]
  3477 | D:5      | Reached XP level 8. HP: 62/62 MP: 11/11
  3766 | D:5      | Reached skill level 5 in Armour
  4059 | D:6      | Reached skill level 6 in Invocations
  4066 | D:6      | Noticed Pikel
  4094 | D:6      | Killed Pikel
  4095 | D:6      | Reached skill level 5 in Axes
  4095 | D:6      | Reached XP level 9. HP: 69/69 MP: 13/13
  4105 | D:6      | Found a runed translucent gate.
  4105 | D:6      | Found a runed translucent gate.
  4112 | D:6      | Found a runed translucent gate.
  4113 | D:6      | Noticed ihitudie's ghost (amateur TrHu)
  4129 | D:6      | Killed ihitudie's ghost
  4172 | D:6      | Noticed Blork the orc
  4177 | D:6      | Killed Blork the orc
  4178 | D:6      | Reached skill level 7 in Invocations
  4202 | D:6      | Noticed Grinder
  4216 | D:6      | Paralysed by Grinder for 6 turns
  4228 | D:6      | Killed Grinder
  4229 | D:6      | Reached skill level 5 in Dodging
  4265 | D:6      | Found a staircase to the Ecumenical Temple.
  4286 | Temple   | Entered the Ecumenical Temple
  4406 | D:6      | Noticed Maggie
  4426 | D:6      | Killed Maggie
  4970 | D:7      | Reached skill level 8 in Invocations
  5313 | D:7      | Noticed Dowan
  5315 | D:7      | Noticed Duvessa
  5332 | D:7      | Killed Duvessa
  5333 | D:7      | Reached XP level 10. HP: 78/79 MP: 16/16
  5334 | D:7      | Killed Dowan
  5684 | D:8      | Found a sand-covered staircase.
  5693 | Ossuary  | Entered an ossuary
  6236 | D:8      | Reached skill level 9 in Invocations
  6335 | D:8      | Found a basalt altar of Yredelemnul.
  6336 | D:8      | Found a snail-covered altar of Cheibriados.
  6336 | D:8      | Found a shadowy altar of Dithmenos.
  6336 | D:8      | Found a burning altar of Makhleb.
  6362 | D:8      | Became a worshipper of Makhleb the Destroyer
  6378 | D:8      | Found a blossoming altar of Fedhas.
  7098 | D:9      | HP: 2/80 [electric eel/bolt of electricity (8)]
  7274 | D:9      | Reached * piety under Makhleb
  7617 | D:9      | Gained mutation: You are partially covered in sharp spines.
                  | [demonic ancestry]
  7617 | D:9      | Reached XP level 11. HP: 72/86 MP: 18/18
  7918 | D:9      | Noticed a centaur warrior
  7918 | D:9      | Noticed a centaur warrior
  7918 | D:9      | Noticed a centaur warrior
  7926 | D:9      | Noticed a seven-headed hydra
  8037 | D:8      | Acquired 1011 gold pieces
  8069 | D:8      | Killed a centaur warrior
  8070 | D:8      | Reached skill level 10 in Invocations
  8084 | D:9      | Killed a centaur warrior
  8145 | D:9      | Reached ** piety under Makhleb
  8395 | D:9      | Noticed a deep elf pyromancer
  8406 | D:9      | Killed a deep elf pyromancer
  8425 | D:9      | Killed a centaur warrior
  8576 | D:9      | Killed a seven-headed hydra
  8805 | D:10     | Entered Level 10 of the Dungeon
  8993 | D:9      | Reached skill level 11 in Invocations
  9021 | D:10     | Noticed a death knight
  9034 | D:10     | Killed a death knight
  9225 | D:10     | Found a staircase to the Lair.
  9479 | D:10     | Gained mutation: Your magical and physical power is
                  | slightly enhanced at high health. [demonic ancestry]
  9479 | D:10     | Reached XP level 12. HP: 96/96 MP: 20/20
  9705 | D:11     | Identified the +1 pair of boots of an ice cave {rN+ Int+8
                  | Dex-4}
  9865 | D:11     | You fall into a shaft and drop 3 floors!
  9930 | D:14     | Noticed a tengu warrior
  9941 | D:14     | Killed a tengu warrior
  9977 | D:14     | Reached *** piety under Makhleb
 10229 | D:11     | Noticed Erica
 10241 | D:11     | Killed Erica
 10303 | D:11     | Noticed Maurice
 10312 | D:11     | Killed Maurice
 10581 | D:12     | Noticed a boulder beetle
 10594 | D:12     | Noticed a boulder beetle
 10619 | D:12     | Killed a boulder beetle
 10639 | D:12     | Killed a boulder beetle
 10725 | D:12     | Reached skill level 10 in Fighting
 10725 | D:12     | Reached skill level 12 in Invocations
 10734 | D:12     | Found a staircase to the Orcish Mines.
 11463 | D:13     | Noticed a centaur warrior
 11479 | D:13     | Killed a centaur warrior
 11743 | D:13     | Demolished by an enormous slime creature

Illustrated notes

Levels and vault maps discovered:
D:1:      heliophobic_arrival_enchanted_forest, layout_basic,
          serial_corexii_hall, corexii_hall_statues_i, chequers_hall_statues_y,
          minmay_shallow_snake_nest
D:2:      layout_rooms, minmay_heptomino_h4
D:3:      layout_loops_corners, lemuel_blue_sif_altar,
          shapermc_ecumenical_altar_mp_ritualfount, gammafunk_ghost_necromancy,
          uniq_jessica
D:4:      layout_gridville, nicolae_overflow_hidden_temple,
          gup_sewer_entry_bubbles, serial_forest, infiniplex_forest_lined_room_,
          infiniplex_forest_clump_medium, infiniplex_forest_lined_1,
          infiniplex_forest_end_3, infiniplex_forest_clump_diagonal,
          infiniplex_forest_lined_room_2, infiniplex_forest_lined_room_
D:5:      layout_loops_ring, chequers_arboretum
D:6:      layout_basic, minmay_temple_entry_grid, ebering_ghost_rock_garden,
          uniq_pikel, uniq_blork_the_orc, uniq_grinder, uniq_maggie
D:7:      layout_loops_ring, minmay_misc_feat_x, uniq_duvessa
D:8:      layout_loops_ring, lemuel_round_altar, grunt_temple_overflow_open,
          enter_ossuary_4
D:9:      layout_loops_ring, serial_ice, serial_ice_h, serial_ice_n,
          serial_ice_e, serial_ice_d, serial_ice_a, serial_ice_j,
          chequers_big_river, glass_columns_a, minivault_28
D:10:     minmay_distorted_concentric_squares, layout_cave_pools,
          dpeg_oklobed_lair, minmay_strange_pillars
D:11:     layout_loops_ring, uniq_maurice, uniq_erica
D:12:     layout_long_grid, orc_0_dummy, david_defended_altar_orc
D:13:     layout_irregular_city, david_greed
D:14:     layout_stronghold, david_vaults_5, minmay_misc_feat_columns,
          serial_ice, serial_ice_m, serial_ice_b, serial_ice_h, serial_ice_f,
          serial_ice_i, serial_ice_c, serial_ice_o, serial_ice_g,
          minmay_misc_feat_ornament
Temple:   eino_wide_crystal_templ

Skill      XL: |  1  2  3  4  5  6  7  8  9 10 11 12 |
---------------+-------------------------------------+-----
Axes           | 2 3 4 5 6 7 8 9 |  9.3
Invocations    | 1 2 3 4 5 6 8 9 11 12 | 12.4
Armour         | 3 4 5 6 7 8 9 |  9.6
Dodging        | 1 2 3 4 5 6 8 9 |  9.1
Fighting       | 4 5 6 7 8 9 10 | 10.3
Shields        | |  2.6

Action                   |  1- 3 |  4- 6 |  7- 9 | 10-12 || total
-------------------------+-------+-------+-------+-------++-------
Melee: War axe           |   127 |   143 |   324 |       ||   594
       Hand axe          |       |       |    72 |   796 ||   868
       Unarmed           |       |       |     2 |     2 ||     4
       Broad axe         |       |       |       |   203 ||   203
Throw: Dart              |       |       |       |     2 ||     2
Invok: Minor Destruction |       |       |       |    14 ||    14
Evoke: Wand              |       |       |       |    19 ||    19
       Lightning rod     |       |       |       |     4 ||     4
  Use: Scroll            |     1 |     2 |     6 |    15 ||    24
       Potion            |       |     2 |     2 |     6 ||    10
 Stab: Distracted        |       |       |     1 |     2 ||     3
       Paralysed         |       |       |       |     6 ||     6
Armor: Scale mail        |    97 |    82 |   214 |   274 ||   667
       Plate armour      |       |       |       |   327 ||   327
Dodge: Dodged            |    55 |    86 |   254 |   527 ||   922
Block: Kite shield       |    69 |    88 |   239 |   543 ||   939

Table legend: (Time is in decaauts)
 A = Elapsed time spent in this place.
 B = Non-inter-level travel time spent in this place.
 C = Inter-level travel time spent in this place.
 D = Time resting spent in this place.
 E = Time spent auto-exploring this place.
 F = Levels seen in this place.
 G = Mean time per level.
                   A        B        C        D        E       F      G
               +--------+--------+--------+--------+--------+-----+--------+
         Total |  12387 |  12024 |    363 |    402 |   7689 |  16 |  774.2 |
       Dungeon |  11825 |  11473 |    352 |    402 |   7497 |  14 |  844.6 |
        Temple |     49 |     39 |     10 |      0 |     39 |   1 |   49.0 |
       Ossuary |    511 |    511 |      0 |      0 |    153 |   1 |  511.0 |
               +--------+--------+--------+--------+--------+-----+--------+

Top non-repeatable levels by time:
     D:9: 1887 daAuts
     D:4: 1059 daAuts
     D:3: 1037 daAuts
     D:8: 1025 daAuts
     D:6: 906 daAuts
     D:7: 830 daAuts
    D:12: 820 daAuts
     D:5: 767 daAuts
     D:1: 743 daAuts
     D:2: 691 daAuts
    D:10: 677 daAuts
    D:13: 605 daAuts
    D:11: 595 daAuts
 Ossuary: 511 daAuts
    D:14: 177 daAuts
